 Dungeon Crawl Stone Soup version 0.23.2-40-g277498a001 (webtiles) character file.

Game seed: 246211302812054345

49 BigDickFurry666 the Grave Robber (level 3, 0/14 HPs)
             Began as a Felid Necromancer on Aug 17, 2019.
             Was a Follower of Ashenzari.
             Succumbed to an adder's poison
             ... on level 2 of the Dungeon.
             The game lasted 00:34:08 (2455 turns).

BigDickFurry666 the Grave Robber (FeNe)             Turns: 2455, Time: 00:34:08

Health: 0/14       AC:  1    Str:  4    XL:     3   Next: 53%
Magic:  4/7        EV: 18    Int: 17    God:    Ashenzari [*.....]
Gold:   119        SH:  0    Dex: 16    Spells: 5/6 levels left
                                        Lives:  0   Deaths: 0

rFire    . . .     SeeInvis +   (weapon unavailable)
rCold    . . .     Gourm    .   (shield unavailable)
rNeg     . . .     Faith    +   (armour unavailable)
rPois    .         Spirit   .   (helmet unavailable)
rElec    .         Reflect  .   (cloak unavailable)
rCorr    .         Harm     .   (gloves unavailable)
MR       .....                  (boots unavailable)
Stlth    +++.......             E - amulet of faith
HPRegen  0.04/turn              (no ring)
MPRegen  0.10/turn              (no ring)

@: lethally poisoned (0 -> -7), hasted, very quick
A: very small, no armour, no weapons or thrown items, stealth, claws 1, fangs 3,
see invisible, carnivore, speed 1, shaggy fur 1, slow metabolism 1, sharp paws
a: Curse Item, Scrying, Renounce Religion


You were on level 2 of the Dungeon.
You worshipped Ashenzari.
Ashenzari was aware of your devotion.
You were completely stuffed.

You visited 1 branch of the dungeon, and saw 2 of its levels.

You collected 119 gold pieces.

Inventory:

Hand Weapons
 a - a cursed +0 club
 d - a cursed +0 club
 g - a +0 club
 j - a +0 club
 n - a cursed -2 dagger
 u - a +0 club
 w - a +0 dagger
 y - a +0 club
 A - a +0 dagger
 F - a +0 club
 G - a +0 hand axe
 H - a +0 club
Missiles
 p - 61 stones
 r - 23 arrows
 x - 17 sling bullets
Armour
 c - a +0 scale mail
 i - a cursed +0 ring mail
 l - a +0 robe
 m - a +0 leather armour
 q - a +0 ring mail
 B - a +0 ring mail
Jewellery
 E - an amulet of faith (around neck)
Scrolls
 k - a scroll of enchant weapon {unknown}
 o - a scroll of amnesia {unknown}
 s - a scroll of magic mapping {unknown}
 v - a scroll of teleportation {unknown}
Potions
 e - a potion of berserk rage {unknown}
 f - a potion of curing
 h - a potion of haste
 z - a potion of brilliance {unknown}
 C - a potion of flight {unknown}
 D - a potion of lignification {unknown}
Comestibles
 b - 3 rations
 t - 6 chunks of flesh


   Skills:
 - Level 2.6 Dodging
 - Level 2.6 Stealth
 - Level 2.0 Spellcasting
 + Level 5.3 Necromancy


You had 5 spell levels left.
You knew the following spells:

 Your Spells              Type           Power        Failure   Level  Hunger
a - Pain                  Necr           ###.         2%          1    #......

Your spell library contained the following spells:

 Spells                   Type           Power        Failure   Level  Hunger
 Animate Skeleton         Necr           N/A          2%          1    #......
 Vampiric Draining        Necr           ###.......   6%          3    ###....
 Regeneration             Chrm/Necr      ##........   19%         3    ###....
 Animate Dead             Necr           N/A          22%         4    #####..


Dungeon Overview and Level Annotations

Branches:
Dungeon (2/15)

Altars:
Ashenzari
Makhleb
Okawaru


Innate Abilities, Weirdness & Mutations

You cannot wear armour.
You are incapable of wielding weapons or throwing items.
Your paws allow you to move quietly. (Stealth)
You have sharp claws.
You have razor-sharp teeth.
You have supernaturally acute eyesight. (SInv)
You are carnivorous and can eat meat at any time.
You cover ground quickly.
You are covered in fur. (AC +1)
You have a slow metabolism.
Your sharp claws are effective at attacking unaware monsters.


Message History

Aim: an adder (heavily wounded, chance to defeat MR: 84%)
The adder barely resists.
The adder bites you.
* * * LOW HITPOINT WARNING * * *
You are lethally poisoned!
The adder poisons you!
Casting: Pain (safe; 2% risk of failure)
Confirm with . or Enter, or press ? or * to list all spells.
Aiming: Pain (safe; 2% risk of failure)
Press: ? - help, Shift-Dir - straight line, f/p - adder
Aim: an adder (heavily wounded, chance to defeat MR: 84%)
The adder writhes in agony.
* * * LOW HITPOINT WARNING * * *
You feel sick. The adder closely misses you.
It was a potion of curing.
You feel better. The adder closely misses you. The adder bites you.
* * * LOW HITPOINT WARNING * * *
You are lethally poisoned!
The adder poisons you!
It was a potion of haste.
You feel yourself speed up.
You die...

## ### #.... ..#
##..#.# #.#
.......##.##
...........#
#.........# #####
#.........######.#
#####...#
#......#.#..@S...#
#.......##
#....._..#######
#.###.....
#.#..#.### #.#
###### # #.......#
#####.# # ###...###
##.....# # #...#
##.#.#### #### #...#
##.###.### ...#
#...# ##.## ##..#
######
##.######..รท####.##
##.# #.....


You could see an adder.

Vanquished Creatures
  An adder (D:2)
  A worm (D:2)
  A leopard gecko (D:1)
  5 goblins
  8 hobgoblins
  3 jackals (D:2)
  4 kobolds
  5 bats
  2 frilled lizards
  A rat (D:1)
31 creatures vanquished.

Notes
Turn   | Place    | Note
-------+----------+-------------------------------------------
     0 | D:1      | BigDickFurry666 the Felid Necromancer began the quest for
                  | the Orb.
     0 | D:1      | Reached XP level 1. HP: 7/7 MP: 4/4
   359 | D:1      | Reached XP level 2. HP: 7/11 MP: 3/6
  1988 | D:2      | Reached skill level 5 in Necromancy
  2023 | D:2      | Reached XP level 3. HP: 10/14 MP: 5/7
  2188 | D:2      | Found a faded altar of an unknown god.
  2190 | D:2      | Became a worshipper of Ashenzari the Shackled
  2190 | D:2      | Reached * piety under Ashenzari
  2195 | D:2      | Found an iron altar of Okawaru.
  2413 | D:2      | Found a burning altar of Makhleb.
  2455 | D:2      | Succumbed to an adder's poison

Skill      XL: |  1  2 |
---------------+-------+-----
Necromancy     | 5 |  5.3
Dodging        | |  2.6
Stealth        | |  2.6
Spellcasting   | |  2.0

Action                   || total
-------------------------++-------
Melee: Unarmed           ||    89
       Bite              ||     6
 Cast: Pain              ||    41
  Use: Potion            ||     2
 Stab: Sleeping          ||     3
  Eat: Chunk             ||    11
Armor: Skin              ||     3
Dodge: Dodged            ||    86
